 Dungeon Crawl Stone Soup version 0.29-a0-330-g52719c12eb (webtiles) character file.

Game seed: 6815089669832126136

1 kae the Firebug (level 1, 0/14 HPs)
             Began as a Demigod Fire Elementalist on Apr 27, 2022.
             Slain by a quokka (3 damage)
             ... on level 1 of the Dungeon.
             The game lasted 00:00:08 (44 turns).

kae the Firebug (Demigod Fire Elementalist)           Turns: 44, Time: 00:00:08

Health: 0/14       AC:  2    Str:  9    XL:     1   Next: 13%
Magic:  0/5        EV: 12    Int: 17    God:
Gold:   0          SH:  0    Dex: 14    Spells: 2/3 levels left

rFire   . . .      SeeInvis .   (no weapon)
rCold   . . .      Faith    .   (no shield)
rNeg    . . .      Spirit   .   a - +0 robe
rPois   .          Reflect  .   (no helmet)
rElec   .          Harm     .   (no cloak)
rCorr   .          Rampage  .   (no gloves)
Will    .....                   (no boots)
Stlth   ++........              (no amulet)
HPRegen 0.04/turn               (no ring)
MPRegen 0.09/turn               (no ring)

@: no status effects
A: high MP 1, forlorn, divine attributes
a: no special abilities


You were on level 1 of the Dungeon.
You visited 1 branch of the dungeon, and saw 1 of its levels.

Inventory:

Armour
 a - a +0 robe (worn)
Potions
 b - a potion of magic
 c - a potion of curing {unknown}


   Skills:
 - Level 1.7 Dodging
 - Level 1.7 Stealth
 + Level 1.8 Spellcasting
 + Level 0.9 Conjurations
 + Level 2.7 Fire Magic


You had 2 spell levels left.
You knew the following spells:

 Your Spells              Type           Power      Damage    Failure   Level
a - Foxfire               Conj/Fire      28%        2x1d5     10%         1

Your spell library contained the following spells:

 Spells                   Type           Power      Damage    Failure   Level
 Scorch                   Fire           20%        2d6       10%         2
 Conjure Flame            Conj/Fire      7%         6-21      28%         3
 Inner Flame              Hex/Fire       6%         N/A       34%         3
 Flame Wave               Conj/Fire      7%         2d5       67%         4


Dungeon Overview and Level Annotations

Branches:
Dungeon (1/15)


Innate Abilities, Weirdness & Mutations

You have an increased reservoir of magic. (+10% MP)
You shall have no god before yourself.
Your divine heritage dramatically boosts your attributes as you level up.


Message History

The hobgoblin closely misses you. The giant cockroach bites you.
The quokka misses you.
The foxfire hits the hobgoblin.
The hobgoblin is almost dead.
The foxfire hits the giant cockroach.
The giant cockroach is moderately wounded.
The hobgoblin completely misses you. The giant cockroach misses you.
The quokka barely misses you.
Casting: Foxfire (safe; 10% risk of failure)
Confirm with . or Enter, or press ? or * to list all spells.
You conjure some foxfire!
The giant cockroach barely misses you.
The hobgoblin hits you but does no damage.
The quokka barely misses you.
The foxfire hits the giant cockroach but does no damage.
The giant cockroach is moderately wounded.
The foxfire hits the hobgoblin.
You kill the hobgoblin!
The giant cockroach bites you. The quokka bites you.
Casting: Foxfire (safe; 10% risk of failure)
Confirm with . or Enter, or press ? or * to list all spells.
You conjure some foxfire!
The giant cockroach closely misses you. The quokka barely misses you.
The giant cockroach misses you.
The foxfire hits the giant cockroach but does no damage.
The giant cockroach is moderately wounded.
The foxfire hits the quokka.
The quokka is heavily wounded.
The quokka misses you. The giant cockroach closely misses you.
The quokka bites you.
Casting: Foxfire (safe; 10% risk of failure)
Confirm with . or Enter, or press ? or * to list all spells.
You conjure some foxfire!
The giant cockroach closely misses you. The quokka bites you.
* * * LOW HITPOINT WARNING * * *
The foxfire hits the giant cockroach but does no damage.
The foxfire hits the quokka but does no damage.
The quokka is heavily wounded.
The giant cockroach bites you.
* * * LOW HITPOINT WARNING * * *
The quokka bites you.
You die...

#.# #.. #############
#... #...P.P.≈PP≈≈ #>..
#...≈..≈≈≈≈≈P ....####
###.≈≈≈≈≈≈P≈≈≈≈
..#!.####.'.≈..≈≈≈≈≈≈≈≈
#.#.B....'.....≈≈≈≈≈≈≈
#...@...#.♣.P..≈≈≈..≈
#?.:#.r.§..#...###.≈.##.
#...#.#.......#####
##.#### #. #.#.#......#
### # ...............
.#####.......##.# #
#[#.##### # #.#.# #.#.#


You could see a quokka and a giant cockroach.

Vanquished Creatures
  A hobgoblin (D:1)
1 creature vanquished.

Vanquished Creatures (others)
  10 foxfires (D:1)
10 creatures vanquished.

Grand Total: 11 creatures vanquished

Notes
Turn   | Place    | Note
-------+----------+-------------------------------------------
     0 | D:1      | kae the Demigod Fire Elementalist began the quest for the
                  | Orb.
     0 | D:1      | Reached XP level 1. HP: 14/14 MP: 5/5
    44 | D:1      | Slain by a quokka

Illustrated notes

Levels and vault maps discovered:
D:1:      lightli_arrival_windingriver, layout_basic,
          ebering_ecumenical_altar_ruins, minmay_tiny_reverse_x

Action                   || total
-------------------------++-------
 Cast: Foxfire           ||     5
Armor: Robe              ||     3
Dodge: Dodged            ||    20

Table legend: (Time is in decaauts)
 A = Elapsed time spent in this place.
 B = Non-inter-level travel time spent in this place.
 C = Inter-level travel time spent in this place.
 D = Time resting spent in this place.
 E = Time spent auto-exploring this place.
 F = Levels seen in this place.
 G = Mean time per level.
                   A        B        C        D        E       F      G
               +--------+--------+--------+--------+--------+-----+--------+
         Total |     44 |     44 |      0 |      0 |     27 |   1 |   44.0 |
       Dungeon |     44 |     44 |      0 |      0 |     27 |   1 |   44.0 |
               +--------+--------+--------+--------+--------+-----+--------+

Top non-repeatable levels by time:
     D:1: 44 daAuts
